 Dungeon Crawl Stone Soup version 0.31-a0-198-g2ad674f65e (webtiles) character file.

Game seed: 10343649145551441431

124 qw the Skirmisher (level 4, 0/25 HPs)
             Began as a Deep Elf Hunter on June 25, 2023.
             Slain by Pargi (2 damage)
             ... on level 3 of the Dungeon.
             The game lasted 00:00:40 (1743 turns).

qw the Skirmisher (Deep Elf Hunter)                 Turns: 1743, Time: 00:00:41

Health: 0/25       AC:  5    Str: 10    XL:     4   Next: 81%
Magic:  6/6        EV: 11    Int: 14    God:
Gold:   58         SH:  0    Dex: 18    Spells: 3/3 levels left

rFire   . . .        Y - +0 shortbow
rCold   . . .        (shield currently unavailable)
rNeg    . . .        d - +0 ring mail
rPois   .            (no helmet)
rElec   .            (no cloak)
rCorr   .            (no gloves)
SInv    .            (no boots)
Will    .....        (no amulet)
Stlth   +            (no ring)
HPRegen 0.24/turn    (no ring)
MPRegen 0.10/turn

%: no passive effects
@: no status effects
A: no striking features
a: no special abilities


You were on level 3 of the Dungeon.
You visited 1 branch of the dungeon, and saw 3 of its levels.

You collected 114 gold pieces.
You spent 56 gold pieces at shops.


   Skills:
 - Level 1.5 Fighting
 + Level 8.2 Ranged Weapons
 - Level 2.4 Dodging
 - Level 1.2 Stealth


You had 3 spell levels left.
You didn't know any spells.
Your spell library was empty.

Inventory:

Hand Weapons
 Y - a +0 shortbow (weapon)
Armour
 d - a +0 ring mail (worn)
 l - a +0 pair of gloves
Jewellery
 h - an amulet of reflection
Scrolls
 c - a scroll of fear {unknown}
 k - a scroll of poison {unknown}
 m - a scroll of identify
Potions
 a - a potion of ambrosia {unknown}
 b - a potion of mutation {unknown}
 e - a potion of haste
 f - a potion of curing {unknown}
 g - a potion of might {unknown}
 i - a potion of cancellation {unknown}
 j - a potion of brilliance {unknown}

Dungeon Overview and Level Annotations

Branches:
Dungeon (3/15)

Altars:

Shops:
D:2 [

Annotations:
D:3 Pargi


Message History

An endoplasm comes into view.
You shoot an arrow. The arrow hits Pargi!
Pargi is heavily wounded.
Pargi bites you. Pargi barely misses you. Pargi closely misses you.
You shoot an arrow. The arrow closely misses Pargi.
The arrow hits the goblin.
You kill the goblin!
Pargi bites you. Pargi barely misses you. Pargi claws you but does no damage.
You shoot an arrow.
The arrow hits Pargi but does no damage.
Pargi is moderately wounded.
Pargi bites you. Pargi claws you but does no damage. Pargi closely misses you.
You shoot an arrow. The arrow hits Pargi.
Pargi is moderately wounded.
Pargi barely misses you. Pargi claws you but does no damage. Pargi claws you.
You shoot an arrow.
The arrow hits Pargi but does no damage.
Pargi is moderately wounded.
Pargi bites you but does no damage. Pargi barely misses you.
Pargi closely misses you.
You shoot an arrow. The arrow misses Pargi.
The arrow hits the endoplasm!
You kill the endoplasm!
Pargi misses you. x2; Pargi claws you but does no damage.
You shoot an arrow. The arrow barely misses Pargi.
Pargi bites you. Pargi barely misses you. Pargi claws you.
Pargi closely misses you. Pargi barely misses you.
Pargi claws you but does no damage.
You shoot an arrow.
The arrow hits Pargi but does no damage.
Pargi is lightly wounded.
Pargi barely misses you. Pargi claws you but does no damage. x2
You shoot an arrow. The arrow hits Pargi!
Pargi is heavily wounded.
Pargi bites you. Pargi claws you. Pargi claws you but does no damage.
You shoot an arrow. The arrow completely misses Pargi.
Pargi bites you but does no damage. Pargi claws you but does no damage.
Pargi barely misses you.
You shoot an arrow. The arrow hits Pargi.
Pargi is heavily wounded.
Pargi bites you.
You die...

.####...........#.
.####.###).###..#
##..............#
#........####...#
.......)..####..# .
................# ...
................# #....
..(.............##......
.............(..@T)....^
................##......
................# .....
................# ####
................#
..........#######
..........#


You could see Pargi.

Vanquished Creatures
  Terence (D:3)
  5 adders
  An orc (D:3)
  7 endoplasms
  8 goblins
  3 hobgoblins (D:2)
  4 kobolds
  2 quokkas
  8 ball pythons
  5 bats
  6 frilled lizards
  3 rats
53 creatures vanquished.

Notes
Turn   | Place    | Note
-------+----------+-------------------------------------------
     0 | D:1      | qw the Deep Elf Hunter began the quest for the Orb.
     0 | D:1      | Reached XP level 1. HP: 12/12 MP: 3/3
     0 | D:1      | 0 ||| qw: Version: 0.3-a-22-g0ed2b0b
     0 | D:1      | 0 ||| qw: Game counter: 5074
     0 | D:1      | 0 ||| qw: Melee chars always use a shield: true
     0 | D:1      | 0 ||| qw: God list: Okawaru
     0 | D:1      | 0 ||| qw: Allow faded altars: false
     0 | D:1      | 0 ||| qw: Do Orc after clearing Dungeon:15 true
     0 | D:1      | 0 ||| qw: Do second Lair branch before Depths: true
     0 | D:1      | 0 ||| qw: Lair rune preference: random
     0 | D:1      | 0 ||| qw: Goals: Normal
     0 | D:1      | 0 ||| PLANNING D:1-11
   375 | D:1      | Reached XP level 2. HP: 16/16 MP: 4/4
   381 | D:1      | 381 ||| DROPPING +2 sling of freezing.
   457 | D:1      | Reached skill level 6 in Ranged Weapons
   824 | D:1      | 824 ||| READING scroll labelled PUFOAJ VUD REPP.
   825 | D:1      | 825 ||| READING scroll labelled BUAFEQIGRI.
   826 | D:1      | 826 ||| READING 2 scrolls labelled UGRAIF ICODWIL.
   829 | D:1      | 829 ||| READING scroll labelled LUWORO JIMI.
   830 | D:1      | 830 ||| DROPPING scroll of butterflies.
  1049 | D:2      | Found Zyter's Armour Boutique.
  1053 | D:2      | Reached XP level 3. HP: 20/20 MP: 5/5
  1061 | D:2      | 1061 ||| BUYING +0 ring mail (56 gold).
  1061 | D:2      | Bought a +0 ring mail for 56 gold pieces
  1061 | D:2      | 1061 ||| SHOPLISTING +3 ring mail "Keicaott" {Will+ Regen+
                  | Dex+4} (560 gold, have 6).
  1153 | D:2      | Reached skill level 7 in Ranged Weapons
  1420 | D:2      | 1420 ||| UPGRADING to +0 ring mail.
  1430 | D:2      | 1430 ||| DROPPING +0 leather armour.
  1431 | D:2      | 1431 ||| READING scroll labelled DOTENA SABUGH.
  1432 | D:2      | 1432 ||| DRINKING 2 glowing puce potions.
  1458 | D:3      | Reached XP level 4. HP: 25/25 MP: 6/6
  1551 | D:3      | Noticed Terence
  1561 | D:3      | HP: 6/25 [frilled lizard (1)]
  1562 | D:3      | 1562 ||| READING scroll of teleportation.
  1564 | D:3      | Killed Terence
  1565 | D:3      | Reached skill level 8 in Ranged Weapons
  1728 | D:3      | Noticed Pargi
  1741 | D:3      | HP: 3/25 [Pargi (4)]
  1741 | D:3      | HP: 1/25 [Pargi (2)]
  1743 | D:3      | Slain by Pargi

Levels and vault maps discovered:
D:1:      nzn_arrival_water_spiral, layout_loops_corners
D:2:      layout_basic, serial_shops, shop, minmay_strange_pillars
D:3:      layout_rooms, slow_altar_2, uniq_terence, uniq_pargi

Skill      XL: |  1  2  3  4 |
---------------+-------------+-----
Ranged Weapons | 6 7 8 |  8.2
Fighting       | |  1.5
Dodging        | |  2.4
Stealth        | |  1.2

Action                     |  1- 3 |  4- 6 || total
---------------------------+-------+-------++-------
   Fire: Shortbow          |    94 |    59 ||   153
    Use: Scroll            |     5 |     1 ||     6
         Potion            |     1 |       ||     1
 Armour: Ring mail         |     3 |    13 ||    16
  Dodge: Dodged            |    16 |    23 ||    39

Table legend:
 A = Non-vault XP
 B = Vault XP
 C = Vault XP percentage of total XP
 D = Non-vault monster count
 E = Vault monster count
 F = Vault count percentage of total count
                 A         B        C        D         E       F
            +---------+---------+-------+---------+---------+-------
      Total |     142 |      36 |  20.2 |      52 |       1 |   1.9
            +---------+---------+-------+---------+---------+-------
        D:1 |      29 |       0 |   0.0 |      19 |       0 |   0.0
        D:2 |      45 |       0 |   0.0 |      12 |       0 |   0.0
        D:3 |      68 |      36 |  34.6 |      21 |       1 |   4.5
            +---------+---------+-------+---------+---------+-------
